 Dungeon Crawl Stone Soup version 0.30.1-1-g62c8e00024 (webtiles) character file.

Game seed: 13478792426348320693

34 CaptainMV the Nimble (level 3, 0/25 HPs)
             Began as a Gnoll Wanderer on July 17, 2023.
             Succumbed to a kobold's poison
             ... on level 2 of the Dungeon.
             The game lasted 00:07:05 (921 turns).

CaptainMV the Nimble (Gnoll Wanderer)                Turns: 921, Time: 00:07:06

Health: 0/25       AC:  8    Str: 10    XL:     3   Next: 31%
Magic:  4/4        EV: 16    Int: 11    God:
Gold:   142        SH:  0    Dex: 14    Spells: 3/3 levels left

rFire   . . .        a - +3 whip
rCold   . . .        (no shield)
rNeg    . . .        b - +2 leather armour
rPois   .            (no helmet)
rElec   .            (no cloak)
rCorr   .            h - +0 pair of gloves
SInv    .            (no boots)
Will    .....        (no amulet)
Stlth   ++           l - ring of flight
HPRegen 0.24/turn    (no ring)
MPRegen 0.09/turn

%: no passive effects
@: lethally poisoned (0 -> -10), flying, invisible
A: fangs 1, strong nose, distributed training, talons 1, iridescent scales 1,
subdued magic 1
a: no special abilities


You were on level 2 of the Dungeon.
You visited 1 branch of the dungeon, and saw 2 of its levels.

You collected 142 gold pieces.

Inventory:

Hand Weapons
 a - a +3 whip (weapon)
 e - a +0 spear
Armour
 b - a +2 leather armour (worn)
 h - a +0 pair of gloves (worn)
Magical Staves
 n - a staff of air
Jewellery
 l - a ring of flight (left hand)
Scrolls
 c - 2 scrolls of teleportation
 f - a scroll of poison
 m - a scroll of blinking {unknown}
 o - a scroll of noise {unknown}
 p - a scroll of identify {unknown}
Potions
 d - a potion of attraction
 g - a potion of degeneration {unknown}
 i - a potion of invisibility
 j - 2 potions of mutation
 k - a potion of haste {unknown}


   Skills:
 + Level 0.8 Fighting
 + Level 0.8 Short Blades
 + Level 0.8 Long Blades
 + Level 0.8 Axes
 + Level 0.8 Maces & Flails
 + Level 4.5 Polearms
 + Level 0.8 Staves
 + Level 0.8 Ranged Weapons
 + Level 0.8 Throwing
 + Level 2.6 Armour
 + Level 10.4 Dodging
 + Level 2.4 Stealth
 + Level 0.8 Shields
 + Level 0.8 Unarmed Combat
 + Level 0.8 Spellcasting
 + Level 0.5 Conjurations
 + Level 0.5 Hexes
 + Level 0.5 Summonings
 + Level 0.5 Necromancy
 + Level 0.5 Translocations
 + Level 0.5 Transmutations
 + Level 0.5 Fire Magic
 + Level 0.5 Ice Magic
 + Level 0.5 Air Magic
 + Level 0.5 Earth Magic
 + Level 0.5 Poison Magic
 + Level 1.0 Invocations
 + Level 2.6 Evocations


You had 3 spell levels left.
You didn't know any spells.
Your spell library was empty.

Dungeon Overview and Level Annotations

Branches:
Dungeon (2/15)

Altars:


Innate Abilities, Weirdness & Mutations

You have very sharp teeth.
Your uncanny sense of smell can sniff out nearby items.
Your experience applies equally to all skills.
You have sharp toenails.
You are partially covered in iridescent scales. (AC +2)
Your spells are a little easier to cast, but a little less powerful.


Message History

The hobgoblin is heavily wounded.
The kobold hits you but does no damage.
You are poisoned.
The hobgoblin misses you.
You whack the hobgoblin!
You kill the hobgoblin!
You feel very sick. The hobgoblin closely misses you.
The kobold barely misses you.
Your Invocations skill increases to level 1!
You closely miss the kobold. You punch the kobold.
The kobold is moderately wounded.
You feel sick. The hobgoblin completely misses you.
The kobold hits you but does no damage.
You are more poisoned.
You closely miss the kobold.
You feel very sick. The hobgoblin completely misses you.
The hobgoblin misses you.
The kobold hits you with a +1 dagger of venom.
You are more poisoned.
You hit the kobold.
You kill the kobold!
* * * LOW HITPOINT WARNING * * *
You feel very sick. The hobgoblin hits you.
* * * LOW HITPOINT WARNING * * *
The hobgoblin hits you.
* * * LOW HITPOINT WARNING * * *
The hobgoblin closely misses you.
The hobgoblin hits you but does no damage.
It was a potion of mutation.
You feel extremely strange.
Your toenails lengthen and sharpen.
Iridescent scales grow over part of your body.
Your connection to magic feels subdued.
* * * LOW HITPOINT WARNING * * *
You feel very sick. The hobgoblin completely misses you.
The hobgoblin closely misses you.
Sorry, you're not good enough to have a special ability.
It was a potion of invisibility.
You fade into invisibility!
You die...

#.## #.# #.# ....
#.# #.# ....
####.#####.# .....
#.......##.# .....
#.......##.#......
#......)##.#.....#
#........g.g.....#
#.........@).....#
####.##)....#.....
#.##.....# ...
#.#...=..# ∆ #
#.#....# ...#....#
#####..... #....#.


You could see 2 hobgoblins.

Vanquished Creatures
  An adder (D:2)
  A ball python (D:1)
  2 endoplasms
  2 giant cockroaches (D:1)
  A goblin (D:1)
  4 hobgoblins
  A quokka (D:2)
  6 kobolds
  6 rats
24 creatures vanquished.

Notes
Turn   | Place    | Note
-------+----------+-------------------------------------------
     0 | D:1      | Reached skill level 10 in Dodging
     0 | D:1      | CaptainMV the Gnoll Wanderer began the quest for the Orb.
     0 | D:1      | CaptainMV set off with the following items: a +0 spear, a
                  | +2 leather armour, a scroll of teleportation, a potion of
                  | attraction.
     0 | D:1      | Reached XP level 1. HP: 13/13 MP: 1/1
   251 | D:1      | Reached XP level 2. HP: 19/19 MP: 2/2
   835 | D:2      | Reached XP level 3. HP: 21/25 MP: 3/3
   917 | D:2      | Reached skill level 1 in Invocations
   920 | D:2      | Gained mutation: You have sharp toenails. [potion of
                  | mutation]
   920 | D:2      | Gained mutation: You are partially covered in iridescent
                  | scales. (AC +2) [potion of mutation]
   920 | D:2      | Gained mutation: Your spells are a little easier to cast,
                  | but a little less powerful. [potion of mutation]
   921 | D:2      | Succumbed to a kobold's poison

Illustrated notes

Levels and vault maps discovered:
D:1:      spicycebolla_arrival_clurvy, layout_basic
D:2:      layout_rooms

Skill      XL: |  1  2  3 |
---------------+----------+-----
Dodging        | | 10.4
Invocations    | 1 |  1.0
Fighting       | |  0.8
Short Blades   | |  0.8
Long Blades    | |  0.8
Axes           | |  0.8
Maces & Flails | |  0.8
Polearms       | |  4.5
Staves         | |  0.8
Ranged Weapons | |  0.8
Throwing       | |  0.8
Armour         | |  2.6
Stealth        | |  2.4
Shields        | |  0.8
Unarmed Combat | |  0.8
Spellcasting   | |  0.8
Conjurations   | |  0.5
Hexes          | |  0.5
Summonings     | |  0.5
Necromancy     | |  0.5
Translocations | |  0.5
Transmutations | |  0.5
Fire Magic     | |  0.5
Ice Magic      | |  0.5
Air Magic      | |  0.5
Earth Magic    | |  0.5
Poison Magic   | |  0.5
Evocations     | |  2.6

Action                     || total
---------------------------++-------
  Melee: Whip              ||    62
         Spear             ||     4
         Bite              ||     3
         Punch             ||     1
    Use: Scroll            ||     2
         Potion            ||     2
   Stab: Sleeping          ||     5
 Armour: Leather armour    ||    22
  Dodge: Dodged            ||    47
